 Dungeon Crawl Stone Soup version 0.28.0-53-g5a82cb258f (webtiles) character file.

Game seed: 14195221957699112676

2506 styxcanada the Covert (level 9, -12/45 HPs)
             Began as a Spriggan Brigand on July 31, 2022.
             Was an Initiate of Gozag.
             Mangled by Duvessa
             ... wielding a +2 rapier of distortion
              (15 damage)
             ... on level 7 of the Dungeon on Aug 1, 2022.
             The game lasted 00:45:52 (9754 turns).

styxcanada the Covert (Spriggan Brigand)            Turns: 9754, Time: 00:45:53

Health: -12/45     AC:  1    Str:  7    XL:     9   Next: 28%
Magic:  13/17      EV: 21    Int: 13    God:    Gozag
Gold:   292        SH:  0    Dex: 20    Spells: 13/17 levels left

rFire   . . .      SeeInvis +   a - +2 dagger (protect)
rCold   . . .      Faith    .   (no shield)
rNeg    . . .      Spirit   .   b - +0 robe
rPois   .          Reflect  .   (helmet restricted)
rElec   .          Harm     .   c - +2 cloak
rCorr   .          Rampage  .   (gloves unavailable)
Will    +....                   (boots unavailable)
Stlth   +++++.....              t - amulet of regeneration
HPRegen 0.95/turn               (no ring)
MPRegen 0.15/turn               (no ring)

@: corroded, very quick
A: very small, no large weapons, unfitting armour, see invisible, speed 3
a: Renounce Religion, Potion Petition, Call Merchant, Bribe Branch


You were on level 7 of the Dungeon.
You worshipped Gozag.
Gozag was aware of your devotion.
You visited 2 branches of the dungeon, and saw 8 of its levels.

You collected 360 gold pieces.
You paid 68 gold pieces to Gozag.

Inventory:

Hand Weapons
 a - a +2 dagger of protection (weapon)
 f - a +0 hunting sling
 q - the +6 mace of Ignis's Outrage {holy, rElec rF+ Int+3 Dex+4}
   (You found it on level 6 of the Dungeon)

   It has been blessed by the Shining One to cause great damage to the undead
   and demons.
   Int:       It affects your intelligence (+3).
   Dex:       It affects your dexterity (+4).
   rF:        It protects you from fire.
   rElec:     It insulates you from electricity.
Missiles
 e - 10 poisoned darts (quivered)
 h - 153 stones
 l - 26 sling bullets
Armour
 b - a +0 robe (worn)
 c - a +2 cloak (worn)
Jewellery
 m - the amulet of Lucidity {Spirit Will+}
   (You found it on level 3 of the Dungeon)

   [amulet of guardian spirit]

   It causes incoming damage to be divided between your reserves of health and
   magic.
   Will:      It increases your willpower.
 t - an amulet of regeneration (around neck)
Wands
 i - a wand of polymorph (14)
 u - a wand of flame (10)
Scrolls
 d - 2 scrolls of enchant armour
 n - a scroll of magic mapping
 o - 2 scrolls of teleportation
 s - a scroll of brand weapon
Potions
 g - a potion of curing
 j - a potion of resistance
 k - a potion of might
 p - 2 potions of haste
 r - a potion of mutation


   Skills:
 + Level 3.9 Fighting
 + Level 3.7 Short Blades
 + Level 0.3 Maces & Flails
 + Level 1.8(3.7) Slings
 + Level 4.1(4.3) Throwing
 * Level 6.4 Dodging
 * Level 10.7 Stealth
 * Level 4.9 Spellcasting
 * Level 2.4 Conjurations
 * Level 3.1 Ice Magic
 * Level 3.0 Evocations


You had 13 spell levels left.
You knew the following spells:

 Your Spells              Type           Power      Damage    Failure   Level
a - Freeze                Ice            44%        1d6       5%          1
b - Magic Dart            Conj           36%        1d4       7%          1
c - Searing Ray           Conj           18%        2d5       11%         2

Your spell library contained the following spells:

 Spells                   Type           Power      Damage    Failure   Level
 Frozen Ramparts          Ice            22%        1d4       16%         3
 Sandblast                Erth           6%         2d5       19%         1
 Summon Small Mammal      Summ           12%        N/A       19%         1
 Passwall                 Tmut/Erth      2%         N/A       28%         2
 Stone Arrow              Conj/Erth      12%        3d7       34%         3
 Call Canine Familiar     Summ           3%         N/A       50%         3
 Summon Guardian Golem    Hex/Summ       3%         N/A       50%         3
 Hailstorm                Conj/Ice       10%        3d5       52%         4
 Fulminant Prism          Conj/Hex       3%         3d6       75%         4


Dungeon Overview and Level Annotations

Branches:
Dungeon (7/15)             Temple (1/1) D:4

Altars:
Ashenzari
Cheibriados
Dithmenos
Elyvilon
Fedhas
Gozag
Hepliaklqana
Kikubaaqudgha
Makhleb
Nemelex Xobeh
Okawaru
Qazlal
Ru
Sif Muna
Trog
Uskayaw
Xom
Zin
The Shining One

Shops:
D:6 *

Annotations:
D:7 1 transporter, Dowan, Duvessa, Menkaure, Prince Ribbit


Innate Abilities, Weirdness & Mutations

You are very small and have problems with some larger weapons.
You are too small for most types of armour.
You have supernaturally acute eyesight. (SInv)
You cover ground extremely quickly. (Speed+++)


Message History

Duvessa is wielding a +2 rapier of distortion.
Found 21 sling bullets.
A water moccasin comes into view.
The acid dragon closely misses you. x2
There is a stone staircase leading up here.
Menkaure giggles, "These cerements are ticklish..."
Duvessa says, "When magic and the sword combine, nothing stands against them."
Casting: Searing Ray (safe; 11% risk of failure)
Confirm with . or Enter, or press ? or * to list all spells.
Aiming: Searing Ray (safe; 11% risk of failure)
Press: ? - help, Shift-Dir - straight line, f - acid dragon
Aim: an acid dragon (76% to hit)
The searing ray hits the acid dragon.
The acid dragon is lightly wounded. (Press . to maintain the ray.) Unknown command.
The searing ray hits the acid dragon.
The acid dragon is lightly wounded.
The searing ray hits Menkaure.
Menkaure is lightly damaged.
The acid dragon spits acid at you. The splash of acid hits you!
The acid corrodes you!
Menkaure mumbles some strange words.
Menkaure seems to speed up.
Dowan shouts!
You hear a croak.
The searing ray hits the acid dragon.
The acid dragon is moderately wounded.
The searing ray hits Menkaure but does no damage.
Menkaure is lightly damaged.
Unknown command.
Dowan gestures wildly while chanting.
Dowan blinks!
Menkaure calls on the powers of darkness!
Duvessa convulses!
Your body is wracked with pain!
The acid dragon convulses!
Prince Ribbit comes into view.
Duvessa hits you with a +2 rapier of distortion!
* * * LOW HITPOINT WARNING * * *
Space warps horribly around you!
You die...
Your body crumbles into a pile of gold.

). #.. #..# ### #
#..# #.# .# #...
#.F#########.#..#
#....
#.....@e.M<.....#
#.....
#......D..##....#
#.....
#....#####..ยง.###
#..... #....#
.##.#
#.....#####...##
#.# .#
..............#
..# ..
..............#
..## ...
............### #.
e.( .........##.#


You could see Prince Ribbit, Duvessa, an acid dragon (catching breath) and
Menkaure (fast).

Vanquished Creatures
  Grinder (D:4)
  Sigmund (D:3)
  An orc warrior (D:6)
  A sky beast (D:6)
  5 ice beasts
  A necrophage (D:5)
  An ogre (D:7)
  3 phantoms
  A water moccasin zombie (D:6)
  A gnoll sergeant (D:6)
  2 water moccasin skeletons
  A wight (D:6)
  A centaur zombie (D:6)
  A hound (D:6)
  3 orc priests
  A gnoll shaman (D:2)
  Ijyb (D:5)
  2 iguanas
  9 orc wizards
  A hound skeleton (D:5)
  19 gnolls
  6 adders
  A white imp (D:5)
  2 ufetubi
  A worm (D:3)
  2 dart slugs
  22 orcs
  4 endoplasms
  A giant cockroach (D:1)
  7 goblins
  4 hobgoblins
  8 jackals
  8 quokkas
  5 ball pythons
  9 bats
  3 frilled lizards
  13 kobolds
  11 rats
164 creatures vanquished.

Notes
Turn   | Place    | Note
-------+----------+-------------------------------------------
     0 | D:1      | styxcanada the Spriggan Brigand began the quest for the
                  | Orb.
     0 | D:1      | Reached XP level 1. HP: 10/10 MP: 2/2
    67 | D:1      | Reached skill level 6 in Stealth
   358 | D:1      | Found a faded altar of an unknown god.
   402 | D:1      | Reached XP level 2. HP: 9/14 MP: 2/4
   898 | D:1      | Learned a level 1 spell: Freeze
  1308 | D:2      | Reached skill level 1 in Spellcasting
  1535 | D:2      | Reached XP level 3. HP: 18/18 MP: 5/5
  1781 | D:2      | Found a glowing golden altar of the Shining One.
  2536 | D:2      | Learned a level 1 spell: Magic Dart
  2558 | D:3      | Reached skill level 7 in Stealth
  2566 | D:3      | Noticed Sigmund
  2590 | D:3      | Identified the amulet of Lucidity {Spirit Will+}
  2603 | D:3      | Killed Sigmund
  2604 | D:3      | Reached skill level 8 in Stealth
  2604 | D:3      | Reached skill level 1 in Ice Magic
  2604 | D:3      | Reached XP level 4. HP: 23/23 MP: 6/8
  2604 | D:3      | Reached XP level 5. HP: 26/26 MP: 6/9
  2758 | D:2      | Reached XP level 6. HP: 10/30 MP: 2/10
  4068 | D:3      | Found a burning altar of Makhleb.
  4132 | D:4      | Noticed Grinder
  4135 | D:4      | Killed Grinder
  4136 | D:4      | Reached skill level 1 in Conjurations
  4161 | D:4      | Reached XP level 7. HP: 19/35 MP: 3/12
  4518 | D:4      | Found a staircase to the Ecumenical Temple.
  4529 | Temple   | Entered the Ecumenical Temple
  4965 | D:4      | Identified the +5 ring mail of the Pirate {+Inv Will+
                  | Dex+4}
  5608 | D:4      | Learned a level 2 spell: Searing Ray
  5848 | D:5      | Entered Level 5 of the Dungeon
  5868 | D:5      | Reached skill level 9 in Stealth
  5899 | D:5      | Noticed Ijyb
  6111 | D:5      | Killed Ijyb
  6136 | D:5      | Reached XP level 8. HP: 39/40 MP: 14/14
  6369 | D:5      | Reached skill level 1 in Slings
  7031 | D:5      | Reached skill level 5 in Dodging
  7039 | D:5      | Reached skill level 1 in Evocations
  7407 | D:5      | Found a shimmering blue altar of Sif Muna.
  7884 | D:6      | Identified the +6 mace of Ignis's Outrage {holy, rElec rF+
                  | Int+3 Dex+4}
  7956 | D:6      | Reached skill level 10 in Stealth
  8268 | D:6      | Found an opulent altar of Gozag.
  8269 | D:6      | Found Gozag's Platinum Reserve.
  8286 | D:6      | Reached XP level 9. HP: 45/45 MP: 16/16
  8358 | D:6      | Became a worshipper of Gozag Ym Sagoz the Greedy
  8373 | D:6      | HP: 2/45 [orc priest/divine providence (11)]
  9551 | D:7      | Found a transporter.
  9741 | D:7      | Noticed Menkaure
  9743 | D:7      | Noticed Duvessa
  9743 | D:7      | Noticed Dowan
  9754 | D:7      | Noticed Prince Ribbit
  9754 | D:7      | Mangled by Duvessa

Illustrated notes

Levels and vault maps discovered:
D:1:      onia_arrival_pentagram, layout_loops_ring,
          shapermc_ecumenical_altar_mp_vishouse, chequers_serial_rivers_large_b
D:2:      layout_basic, basic_altar
D:3:      layout_loops_cross, marbit_many_paths, kennysheep_potato, uniq_sigmund
D:4:      layout_rooms, minmay_temple_entry_drinking_statues, uniq_grinder
D:5:      layout_basic, kennysheep_orc_sif_temple, uniq_ijyb
D:6:      layout_gridville, nicolae_gozag_zags_fifth_avenue,
          kennysheep_generic_room_3
D:7:      gammafunk_steamed_eel, layout_rooms, vehumet_statue, uniq_menkaure,
          uniq_prince_ribbit1, uniq_duvessa
Temple:   eino_temple_scatter_basement

Skill      XL: |  1  2  3  4  5  6  7  8  9 |
---------------+----------------------------+-----
Stealth        | 6 8 9 10 | 10.7
Dodging        | 2 3 4 5 6 |  6.4
Spellcasting   | 1 2 3 4 |  4.9
Fighting       | 2 3 |  3.9
Ice Magic      | 1 2 3 |  3.1
Conjurations   | 1 2 |  2.4
Short Blades   | 3 |  3.7
Throwing       | 3 4 |  4.1
Slings         | 1 |  1.8
Evocations     | 2 3 |  3.0
Maces & Flails | |  0.3

Action                   |  1- 3 |  4- 6 |  7- 9 || total
-------------------------+-------+-------+-------++-------
Melee: Dagger            |   115 |    82 |   287 ||   484
       Punch             |     1 |     1 |     2 ||     4
       Mace              |       |       |    54 ||    54
 Fire: Hunting sling     |       |       |    21 ||    21
Throw: Dart              |    16 |    25 |   111 ||   152
       Stone             |       |       |     2 ||     2
 Cast: Magic Dart        |       |    14 |    42 ||    56
       Freeze            |       |    13 |     6 ||    19
       Searing Ray       |       |       |     2 ||     2
  Use: Scroll            |       |     8 |     8 ||    16
       Potion            |       |       |     6 ||     6
 Stab: Sleeping          |    13 |     4 |    19 ||    36
       Distracted        |       |       |     3 ||     3
Armor: Robe              |    18 |    23 |    69 ||   110
Dodge: Dodged            |    74 |    94 |   322 ||   490
